 Dungeon Crawl Stone Soup version 0.31-a0-240-gb923e448b6 (webtiles) character file.

Game seed: 10237066630553404186

22 qw the Shooter (level 2, -27/17 HPs)
             Began as a Gargoyle Hexslinger on July 11, 2023.
             Killed by an exploding kobold (42 damage)
             ... ignited by their inner flame
             ... on level 1 of the Dungeon.
             The game lasted 00:00:12 (278 turns).

qw the Shooter (Gargoyle Hexslinger)                 Turns: 278, Time: 00:00:13

Health: -27/17     AC:  4    Str: 11    XL:     2   Next: 91%
Magic:  3/3        EV: 12    Int: 13    God:
Gold:   10         SH:  0    Dex: 12    Spells: 2/3 levels left

rFire   . . .        Y - +1 sling
rCold   . . .        (no shield)
rNeg    + . .        c - +0 robe
rPois   inf          (no helmet)
rElec   +            (no cloak)
rCorr   .            (no gloves)
SInv    .            (no boots)
Will    .....        (no amulet)
Stlth   +            (no ring)
HPRegen 0.22/turn    (no ring)
MPRegen 0.08/turn

%: no passive effects
@: no status effects
A: sickness immunity, AC +2, negative energy resistance 1, electricity
resistance, torment resistance 1, petrification resistance
a: no special abilities


You were on level 1 of the Dungeon.
You visited 1 branch of the dungeon, and saw 1 of its levels.

You collected 10 gold pieces.


Innate Abilities, Weirdness & Mutations

You are immune to sickness and miasma.
Your stone body is resilient. (AC +2)
You are immune to poison.
You resist negative energy. (rN+)
You are resistant to electric shocks. (rElec)
You are resistant to unholy torment.
You are immune to petrification.


   Skills:
 + Level 1.7 Fighting
 - Level 3.0 Ranged Weapons
 - Level 1.5 Dodging
 - Level 1.0 Spellcasting
 - Level 2.6 Hexes


You had 2 spell levels left.
You knew the following spells:

 Your Spells              Type           Power      Damage    Failure   Level
a - Slow                  Hex            28%        N/A       10%         1

Your spell library contained the following spells:

 Spells                   Type           Power      Damage    Failure   Level
 Inner Flame              Hex/Fire       4%         N/A       43%         3
 Portal Projectile        Hex/Tloc       8%         N/A       43%         3
 Cause Fear               Hex            3%         N/A       67%         4

Inventory:

Hand Weapons
 Y - a +1 sling (weapon)
Armour
 c - a +0 robe (worn)
Scrolls
 b - a scroll of poison
Potions
 e - a potion of curing {unknown}
 f - a potion of lignification {unknown}

Dungeon Overview and Level Annotations

Branches:
Dungeon (1/15)

Altars:


Message History

Enter note: A hobgoblin comes into view.
The hobgoblin shouts!
You see here a grey potion.
Enter note:
Enter note: You shoot a sling bullet.
The sling bullet hits the hobgoblin.
The hobgoblin is heavily wounded.
You shoot a sling bullet. The sling bullet hits the hobgoblin.
You kill the hobgoblin!
f - a grey potion A nearby plant withers and dies.
A kobold comes into view. It is wielding a +0 whip.
Enter note:
Enter note: The kobold splashes around in the water.
Enter note:
Enter note: The kobold hits the plant with a +0 whip.
The plant begins to die.
The kobold hits the plant with a +0 whip.
The plant begins to die.
The kobold splashes around in the water.
The kobold hits the plant with a +0 whip.
A nearby plant withers and dies.
A nearby plant withers and dies.
269 ||| READING scroll labelled XIOTAZ NERA.
As you read the scroll labelled XIOTAZ NERA, it crumbles to dust.
The creatures around you are filled with an inner flame!
It was a scroll of immolation.
You shoot a sling bullet. The sling bullet misses the kobold.
The kobold closely misses you.
You shoot a sling bullet.
The sling bullet barely misses the kobold.
The kobold hits you with a +0 whip.
You shoot a sling bullet. The sling bullet hits the kobold.
The kobold explodes!
The fiery explosion engulfs you!!!
Ouch! That really hurt!
You die...

##.#.....PP7PPPP~ #
###....#.#..~~77P7 ~~
.........#.#..~~~~7 ~~P
#.# #...##.#..~.~~777~~#
...##.........#%~77~~PP#
.#.............PP~~~PP~#
...~.......###...P~PP...
~.%..#...### #..¤P¤P~###
...~...~.# ##.@¤¤.....
.#.......# #########.
....#.#.## ..~.....##
#....~...# ..~......#
....#.#..# .#.......#
...~...~.#


There were no monsters in sight!

Vanquished Creatures
  5 endoplasms (D:1)
  3 giant cockroaches (D:1)
  3 hobgoblins (D:1)
  5 kobolds (D:1)
  2 ball pythons (D:1)
  A rat (D:1)
19 creatures vanquished.

Notes
Turn   | Place    | Note
-------+----------+-------------------------------------------
     0 | D:1      | qw the Gargoyle Hexslinger began the quest for the Orb.
     0 | D:1      | Reached XP level 1. HP: 12/12 MP: 2/2
     0 | D:1      | 0 ||| qw: Version: 0.3-a-52-g30416fa
     0 | D:1      | 0 ||| qw: Game counter: 6122
     0 | D:1      | 0 ||| qw: Melee chars always use a shield: true
     0 | D:1      | 0 ||| qw: God list: Okawaru
     0 | D:1      | 0 ||| qw: Allow faded altars: false
     0 | D:1      | 0 ||| qw: Do Orc after clearing Dungeon:15 true
     0 | D:1      | 0 ||| qw: Do second Lair branch before Depths: true
     0 | D:1      | 0 ||| qw: Lair rune preference: random
     0 | D:1      | 0 ||| qw: Goals: Normal
     0 | D:1      | 0 ||| PLANNING D:1-11
   123 | D:1      | Reached XP level 2. HP: 12/16 MP: 3/3
   192 | D:1      | Reached skill level 3 in Ranged Weapons
   269 | D:1      | 269 ||| READING scroll labelled XIOTAZ NERA.
   278 | D:1      | Killed by an exploding kobold... ignited by their inner
                  | flame

Levels and vault maps discovered:
D:1:      minmay_arrival_split_and_join, layout_loops_ring,
          serial_bayou_lagoon_a, nicolae_kite_square_tiling_tiny

Skill      XL: |  1  2 |
---------------+-------+-----
Ranged Weapons | 3 |  3.0
Fighting       | |  1.7
Dodging        | |  1.5
Spellcasting   | |  1.0
Hexes          | |  2.6

Action                     || total
---------------------------++-------
   Fire: Sling             ||    51
    Use: Scroll            ||     1
 Armour: Robe              ||     5
  Dodge: Dodged            ||     8

Table legend:
 A = Non-vault XP
 B = Vault XP
 C = Vault XP percentage of total XP
 D = Non-vault monster count
 E = Vault monster count
 F = Vault count percentage of total count
                 A         B        C        D         E       F
            +---------+---------+-------+---------+---------+-------
      Total |      34 |       0 |   0.0 |      19 |       0 |   0.0
            +---------+---------+-------+---------+---------+-------
        D:1 |      34 |       0 |   0.0 |      19 |       0 |   0.0
            +---------+---------+-------+---------+---------+-------
